 Dungeon Crawl Stone Soup version 0.20.1-1-g8b1a95d (webtiles) character file.

3346 Internecine the Archer (level 9, 0/69 HPs)
             Began as a Demonspawn Hunter on Sept 24, 2017.
             Was a Follower of Uskayaw.
             Slain by a two-headed ogre
             ... wielding a +0 giant club
              (10 damage)
             ... on level 7 of the Dungeon.
             The game lasted 02:02:06 (7541 turns).

Internecine the Archer (Demonspawn Hunter)          Turns: 7541, Time: 02:02:12

Health: 0/69       AC:  8    Str: 14    XL:     9   Next: 72%
Magic:  7/10       EV: 14    Int: 12    God:    Uskayaw [*.....]
Gold:   426        SH:  0    Dex: 16    Spells: 6/10 levels left

rFire    + + .     SeeInvis +   F - +4 quarterstaff (chaos)
rCold    + + .     Gourm    .   (shield currently unavailable)
rNeg     . . .     Faith    .   L - +2 robe {rF+}
rPois    .         Spirit   .   (no helmet)
rElec    +         Reflect  .   G - +0 cloak
rCorr    .         Harm     .   (no gloves)
MR       .....                  (no boots)
Stlth    ++........             (no amulet)
Regen    0.3/turn               m - ring of Aplue {Wiz rElec rF- rC++ SInv}
MPRegen  0.2/turn               Q - ring of protection from fire

@: very slightly contaminated
A: hooves 1, molten scales 2, fire resistance 1, powered by pain 1, flame cloud
immunity
a: Stomp, Renounce Religion


You were on level 7 of the Dungeon.
You worshipped Uskayaw.
Uskayaw was noncommittal.
You were not hungry.

You visited 1 branch of the dungeon, and saw 7 of its levels.

You collected 426 gold pieces.

Inventory:

Hand Weapons
 a - a +1 shortbow
 b - a +0 flail
 e - a +0 hunting sling
 j - a +0 halberd
 n - a +0 long sword
 r - a +0 long sword
 u - a +0 morningstar
 y - a +1 short sword
 F - a +4 quarterstaff of chaos (weapon)
 H - a +3 short sword
 I - a +3 short sword
 N - a +3 scimitar
 T - a +1 whip of freezing
 U - a +0 flail
 V - a +0 quarterstaff
 W - a +0 hand crossbow
 X - a +0 spear
 Y - a +0 whip
 Z - a +0 flail
Missiles
 d - 123 arrows
 k - 175 stones
 p - 62 sling bullets
 w - 16 tomahawks (quivered)
 x - 91 bolts
Armour
 s - a +0 chain mail
 z - a +0 scale mail
 G - a +0 cloak (worn)
 L - a +2 robe of fire resistance (worn)
Jewellery
 g - an uncursed ring of poison resistance
 m - the ring of Aplue (left hand) {Wiz rElec rF- rC++ SInv}
   (You found it on level 7 of the Dungeon)

   [ring of wizardry]

   It improves your spell success rate.
   It makes you vulnerable to fire.
   It greatly protects you from cold.
   It insulates you from electricity.
   It lets you see invisible.
 M - a +2 ring of intelligence
 Q - a ring of protection from fire (right hand)
Wands
 i - a wand of random effects (14/48)
 q - a wand of lightning (8/15)
 A - a wand of lightning (14/15)
 J - a wand of random effects (35/48)
Scrolls
 l - 3 scrolls of enchant armour
 v - 3 scrolls of fear
 B - a scroll of fog {unknown}
 C - 2 scrolls of recharging
Potions
 o - 2 potions of magic
 t - a potion of brilliance {unknown}
 K - a potion of might
 R - a potion of curing
 S - 2 potions of ambrosia
Books
 E - a book of Geomancy

   Spells                             Type                      Level
   a - Sandblast                      Earth                        1
   b - Passwall                       Transmutation/Earth          2
   c - Stone Arrow                    Conjuration/Earth            3
   d - Petrify                        Transmutation/Earth          4
   e - Lee's Rapid Deconstruction     Earth                        5
 O - a book of Minor Magic

   Spells                             Type                      Level
   a - Magic Dart                     Conjuration                  1
   b - Blink                          Translocation                2
   c - Call Imp                       Summoning                    2
   d - Slow                           Hexes                        2
   e - Conjure Flame                  Conjuration/Fire             3
   f - Mephitic Cloud                 Conjuration/Poison/Air       3
Comestibles
 c - a fruit
 f - 2 bread rations
 h - 6 royal jellies
 D - 9 chunks of flesh
 P - a meat ration


   Skills:
 + Level 5.9 Fighting
 + Level 0.3 Long Blades
 + Level 0.1(3.5) Maces & Flails
 + Level 5.8(5.9) Staves
 + Level 0.6(1.0) Slings
 + Level 8.4 Bows
 + Level 0.3 Crossbows
 + Level 1.0(1.2) Throwing
 + Level 1.8 Armour
 + Level 4.2 Dodging
 + Level 3.8 Stealth
 + Level 1.0 Spellcasting
 + Level 0.8 Summonings


You had 6 spell levels left.
You knew the following spells:

 Your Spells              Type           Power        Failure   Level  Hunger
a - Call Imp              Summ           #.......     13%         2    ###....
b - Slow                  Hex            #.......     17%         2    ###....


Dungeon Overview and Level Annotations

Branches:
Dungeon (7/15)
 Temple: D:4-7

Altars:
Hepliaklqana
Sif Muna
Uskayaw
Xom
Yredelemnul
Zin

Annotations:
D:3 1 runed door


Innate Abilities, Weirdness & Mutations

You have large cloven feet.
You are mostly covered in molten scales. (AC +3)
Your flesh is heat resistant. (rF+)
You sometimes gain a little power by taking damage.
You are immune to clouds of flame.


Message History

The hound bites you.
* * * LOW HITPOINT WARNING * * *
Casting: Call Imp
Confirm with . or Enter, or press ? or * to list all spells.
Aiming: Slow
Press: ? - help, Shift-Dir - straight line, f/p - hound
Aim: a hound (lightly wounded, chance to defeat MR: 41%)
The hound seems to slow down.
The hound barely misses you.
Casting: Slow
Confirm with . or Enter, or press ? or * to list all spells.
Aiming: Slow
Press: ? - help, Shift-Dir - straight line, f/p - hound
Aim: a hound (lightly wounded, slow, chance to defeat MR: 41%)
You miscast Slow.
You are very lightly contaminated with residual magic.
Nothing appears to happen.
The two-headed ogre hits you with a giant club!
* * * LOW HITPOINT WARNING * * *
The two-headed ogre hits you with a giant club!
You die...

# ########.....##
## #......# )##
####.....# ..##
###..#.....# ...##
##....##....#
รท...#
#.....)#...##
..#.###......##..#
..#..#...>...##..#
..##.........###@#
.###..........##O#
.# #...........h.#
.# #..........#..#
## #..........####
# ##..........# #
#...........#
#...........#
#...........#


You could see a two-headed ogre and a hound.

Vanquished Creatures
  Pikel (D:5)
  The ghost of FollowTheCloud the Caller, an amateur MfSu (D:4)
  A hippogriff (D:7)
  Sigmund (D:2)
  The ghost of flt the Chiller, an amateur MfIE of Cheibriados (D:5)
  Menkaure (D:5)
  Duvessa (D:5)
  A slave (D:5)
  The ghost of Internecine the Skirmisher, an amateur HOFi of the Shining One (D:3)
  2 phantoms (D:6)
  2 ice beasts (D:7)
  2 ogres
  A centaur (D:7)
  2 bullfrogs (D:6)
  Dowan (D:5)
  A water moccasin skeleton (D:3)
  A scorpion (D:7)
  2 howler monkeys (D:6)
  6 wights (D:6)
  A crimson imp (D:5)
  A bullfrog zombie (D:5)
  2 hounds
  5 jellies
  Crazy Yiuf (D:2)
  A bullfrog skeleton (D:6)
  Natasha (thrice) (D:2)
  An iguana (D:5)
  5 worker ants
  A hound skeleton (D:5)
  7 adders
  6 gnolls (D:7)
  2 shadow imps (D:5)
  An adder skeleton (D:3)
  2 adder zombies
  A dart slug (D:1)
  3 leopard geckos
  4 orcs
  6 bats
  3 giant cockroaches
  7 goblins
  8 hobgoblins
  2 jackals (D:2)
  2 quokkas
  A ball python (D:6)
  7 frilled lizards
  A giant cockroach zombie (D:3)
  A jackal skeleton (D:6)
  A jackal zombie (D:3)
  6 kobolds
  A leopard gecko zombie (D:3)
  A quokka zombie (D:5)
  5 rats
128 creatures vanquished.

Vanquished Creatures (collateral kills)
  An orc (D:6)
1 creature vanquished.

Vanquished Creatures (others)
  A worker ant (D:5)
1 creature vanquished.

Grand Total: 130 creatures vanquished

Notes
Turn   | Place    | Note
-------+----------+-------------------------------------------
     0 | D:1      | Internecine the Demonspawn Hunter began the quest for the Orb.
     0 | D:1      | Reached XP level 1. HP: 16/16 MP: 1/1
   351 | D:1      | Gained mutation: You are partially covered in molten scales. (AC +2) [demonic ancestry]
   351 | D:1      | Reached XP level 2. HP: 22/22 MP: 2/2
   364 | D:1      | Reached skill level 4 in Bows
   729 | D:1      | Gained mutation: Your flesh is heat resistant. (rF+) [demonic ancestry]
   729 | D:1      | Reached XP level 3. HP: 27/27 MP: 3/3
  1262 | D:2      | Reached skill level 1 in Stealth
  1406 | D:2      | Found a runed door.
  1410 | D:2      | Noticed Crazy Yiuf
  1426 | D:2      | Killed Crazy Yiuf
  1426 | D:2      | Reached skill level 1 in Armour
  1426 | D:2      | Gained mutation: You sometimes gain a little power by taking damage. [demonic ancestry]
  1426 | D:2      | Reached XP level 4. HP: 11/34 MP: 4/4
  1730 | D:2      | Noticed Sigmund
  1747 | D:2      | Killed Sigmund
  1747 | D:2      | Reached skill level 5 in Bows
  1747 | D:2      | Gained mutation: You are immune to clouds of flame. [demonic ancestry]
  1747 | D:2      | Reached XP level 5. HP: 34/40 MP: 5/5
  1800 | D:2      | Noticed Natasha
  1808 | D:2      | Killed Natasha
  1808 | D:2      | Reached XP level 6. HP: 40/46 MP: 6/6
  1829 | D:2      | Noticed Natasha
  1835 | D:2      | Killed Natasha
  1835 | D:2      | Reached skill level 6 in Bows
  1913 | D:2      | Noticed Natasha
  1916 | D:2      | Killed Natasha
  2746 | D:3      | Found a glowing silver altar of Zin.
  2747 | D:3      | Found a runed door.
  2747 | D:3      | Noticed an angel
  2813 | D:3      | Noticed Internecine's ghost (amateur HOFi)
  2836 | D:3      | Killed Internecine's ghost
  2836 | D:3      | Reached skill level 1 in Staves
  3219 | D:3      | Found a basalt altar of Yredelemnul.
  3225 | D:3      | Found a hide-covered altar of Uskayaw.
  3225 | D:3      | Found a deep blue altar of Sif Muna.
  3228 | D:3      | Found a hazy altar of Hepliaklqana.
  3230 | D:3      | Found a shimmering altar of Xom.
  3273 | D:3      | Became a worshipper of Uskayaw the Reveler
  3525 | D:3      | Reached * piety under Uskayaw
  3640 | D:4      | Noticed FollowTheCloud's ghost (amateur MfSu)
  3692 | D:4      | Gained mutation: You have large cloven feet. [demonic ancestry]
  3692 | D:4      | Reached XP level 7. HP: 35/52 MP: 7/7
  3693 | D:4      | Reached ** piety under Uskayaw
  3695 | D:4      | Killed FollowTheCloud's ghost
  4298 | D:5      | Entered Level 5 of the Dungeon
  4383 | D:5      | Reached *** piety under Uskayaw
  4463 | D:5      | Noticed Duvessa
  4464 | D:5      | Noticed Dowan
  4470 | D:5      | Killed Duvessa
  4470 | D:5      | Reached skill level 7 in Bows
  4470 | D:5      | Gained mutation: You are mostly covered in molten scales. (AC +3) [demonic ancestry]
  4470 | D:5      | Reached XP level 8. HP: 38/60 MP: 8/8
  4477 | D:5      | Killed Dowan
  4477 | D:5      | Reached **** piety under Uskayaw
  4595 | D:5      | Noticed flt's ghost (amateur MfIE)
  4618 | D:5      | Killed flt's ghost
  4943 | D:5      | Noticed Pikel
  4962 | D:5      | Killed Pikel
  5099 | D:5      | Noticed Menkaure
  5105 | D:5      | Killed Menkaure
  5105 | D:5      | Reached skill level 5 in Staves
  5415 | D:6      | Reached skill level 5 in Fighting
  5508 | D:6      | Reached XP level 9. HP: 68/68 MP: 9/9
  5803 | D:6      | Learned a level 2 spell: Call Imp
  5806 | D:6      | Learned a level 2 spell: Slow
  6422 | D:6      | Reached skill level 1 in Throwing
  6755 | D:7      | Reached skill level 8 in Bows
  7107 | D:7      | Reached skill level 1 in Spellcasting
  7179 | D:7      | Got a faintly glowing turquoise ring
  7185 | D:7      | Identified the ring of Aplue {Wiz rElec rF- rC++ SInv} (You found it on level 7 of the Dungeon)
  7509 | D:7      | Noticed a two-headed ogre
  7541 | D:7      | Slain by a two-headed ogre

Skill      XL: |  1  2  3  4  5  6  7  8  9 |
---------------+----------------------------+-----
Bows           | 4 5 6 7 8 |  8.4
Stealth        | 1 3 |  3.8
Armour         | 1 |  1.8
Dodging        | 2 3 4 |  4.2
Fighting       | 3 5 |  5.9
Staves         | 1 3 5 |  5.8
Throwing       | 1 |  1.0
Spellcasting   | 1 |  1.0
Long Blades    | |  0.3
Maces & Flails | |  0.1
Slings         | |  0.6
Crossbows      | |  0.3
Summonings     | |  0.8

Action                   |  1- 3 |  4- 6 |  7- 9 || total
-------------------------+-------+-------+-------++-------
Melee: Short sword       |     8 |       |     5 ||    13
       Quarterstaff      |       |    71 |   143 ||   214
       Kick              |       |       |    53 ||    53
       Whip              |       |       |     9 ||     9
       Flail             |       |       |     7 ||     7
       Long sword        |       |       |     1 ||     1
       War axe           |       |       |     1 ||     1
 Fire: Shortbow          |    89 |    88 |   128 ||   305
       Hunting sling     |       |       |    12 ||    12
       Hand crossbow     |       |       |     5 ||     5
Throw: Stone             |       |     7 |     4 ||    11
       Tomahawk          |       |       |    10 ||    10
 Cast: Call Imp          |       |       |     6 ||     6
       Slow              |       |       |     1 ||     1
  Use: Scroll            |     2 |     1 |     8 ||    11
       Potion            |     2 |     6 |       ||     8
 Stab: Confused          |       |       |     2 ||     2
       Paralysed         |       |       |     6 ||     6
       Sleeping          |       |       |     1 ||     1
  Eat: Chunk             |     1 |     7 |    12 ||    20
       Fruit             |       |       |     1 ||     1
Armor: Leather armour    |     6 |       |       ||     6
       Ring mail         |     7 |     2 |       ||     9
       Robe              |       |    31 |    38 ||    69
       Skin              |       |    14 |     1 ||    15
Dodge: Dodged            |    33 |    67 |   113 ||   213
       Rpst.: Long sword |       |       |     1 ||     1
